 Dungeon Crawl Stone Soup version 0.30.1 (webtiles) character file.

Game seed: 8135472457623377140

72 Nicoed the Chopper (level 4, -18/40 HPs)
             Began as a Minotaur Fighter on July 12, 2023.
             Killed from afar by Ijyb (19 damage)
             ... with a bolt of dispelling energy
             ... on level 3 of the Dungeon.
             The game lasted 00:01:30 (1497 turns).

Nicoed the Chopper (Minotaur Fighter)               Turns: 1497, Time: 00:01:30

Health: -18/40     AC:  7    Str: 22    XL:     4   Next: 6%
Magic:  3/3        EV:  9    Int:  5    God:
Gold:   166        SH:  4    Dex: 10    Spells: 3/3 levels left

rFire   . . .        a - +0 war axe
rCold   . . .        c - +0 buckler
rNeg    . . .        b - +0 scale mail of Xiarucuu {+Blink Slay+2}
rPois   .            (helmet restricted)
rElec   .            (no cloak)
rCorr   .            (no gloves)
SInv    .            (no boots)
Will    .....        (no amulet) Stlth
                     (no ring)
HPRegen 0.26/turn    (no ring)
MPRegen 0.08/turn

%: no passive effects
@: no status effects
A: horns 2, retaliatory headbutt
a: Evoke Blink


You were on level 3 of the Dungeon.
You visited 1 branch of the dungeon, and saw 3 of its levels.

You collected 166 gold pieces.

Inventory:

Hand Weapons
 a - a +0 war axe (weapon)
Armour
 b - the +0 scale mail of Xiarucuu (worn) {+Blink Slay+2}
   (You found it on level 2 of the Dungeon)

   Slay:      It affects your accuracy & damage with ranged weapons and melee
   (+2).
   +Blink:    It lets you blink.
 c - a +0 buckler (worn)
Scrolls
 e - 8 scrolls of teleportation {unknown}
 h - a scroll of amnesia {unknown}
 j - a scroll of enchant armour {unknown}
 k - 2 scrolls of identify {unknown}
 l - a scroll of poison {unknown}
Potions
 d - a potion of might
 f - a potion of resistance {unknown}
 g - 3 potions of brilliance {unknown}
 i - 2 potions of attraction {unknown}


   Skills:
 - Level 4.0 Fighting
 + Level 4.5 Axes
 - Level 4.0 Armour
 - Level 4.0 Shields


You had 3 spell levels left.
You didn't know any spells.
Your spell library contained the following spells:

 Spells                   Type           Power      Damage    Failure   Level
 Call Canine Familiar     Summ           0%         N/A       99%         3
 Portal Projectile        Hex/Tloc       0%         N/A       99%         3
 Leda's Liquefaction      Hex/Erth       0%         N/A       100%        4


Dungeon Overview and Level Annotations

Branches:
Dungeon (3/15)

Altars:
Uskayaw
Zin

Annotations:
D:3 Ijyb


Innate Abilities, Weirdness & Mutations

You have a pair of horns on your head.
You reflexively headbutt those who attack you in melee.


Message History

You hit the orc.
You kill the orc!
Unknown command.
You now have 166 gold pieces (gained 17).
You open the door.
There is an open door here.
Ijyb the Twisted Goblin comes into view.
She is wielding a +0 club and carrying a wand of quicksilver (8).
Ijyb shouts!
Unknown command.
Ijyb is nearby!
Unknown command.
Ijyb hits you with a +0 club.
Ijyb is nearby!
Unknown command.
Ijyb is nearby!
You barely miss Ijyb. Ijyb closely misses you.
You closely miss Ijyb. Your headbutt misses Ijyb. You block Ijyb's attack.
Ijyb zaps a wand.
The bolt of dispelling energy hits you!
Unknown command.
Ijyb is nearby!
Ijyb is nearby!
You hit Ijyb. You headbutt Ijyb!
Ijyb is heavily wounded.
Ijyb closely misses you.
Unknown command.
Ijyb is nearby!
You closely miss Ijyb.
Ijyb is heavily wounded.
Ijyb zaps a wand.
The bolt of dispelling energy hits you!!
Ouch! That really hurt!
* * * LOW HITPOINT WARNING * * *
Unknown command.
Unknown command.
You are too injured to fight recklessly!
You barely miss Ijyb.
Ijyb is heavily wounded.
Ijyb zaps a wand.
The bolt of dispelling energy hits you!!
You die...

#####.#
##..#.....#...[.#
#.#
#...#....####+###
#.####.#.'...##
#......#.#..##
######.#.#.##
#.#.### #...##
###..####+###
#..@g......
###########


You could see Ijyb.

Vanquished Creatures
  3 adders
  A gnoll (D:1)
  An ufetubus (D:3)
  An orc (D:3)
  2 endoplasms (D:1)
  2 giant cockroaches (D:1)
  4 goblins
  2 hobgoblins (D:1)
  A quokka (D:3)
  3 ball pythons (D:1)
  3 bats
  2 frilled lizards
  5 rats
30 creatures vanquished.

Notes
Turn   | Place    | Note
-------+----------+-------------------------------------------
     0 | D:1      | Nicoed the Minotaur Fighter began the quest for the Orb.
     0 | D:1      | Reached XP level 1. HP: 19/19 MP: 0/0
   183 | D:1      | Reached XP level 2. HP: 27/27 MP: 1/1
   867 | D:2      | Found a glowing silver altar of Zin.
   891 | D:2      | Reached XP level 3. HP: 33/33 MP: 2/2
   987 | D:2      | Identified the +0 scale mail of Xiarucuu {+Blink Slay+2}
  1364 | D:3      | Found a hide-covered altar of Uskayaw.
  1457 | D:3      | Reached XP level 4. HP: 40/40 MP: 3/3
  1490 | D:3      | Noticed Ijyb
  1496 | D:3      | HP: 1/40 [Ijyb/bolt of dispelling energy (21)]
  1497 | D:3      | Killed from afar by Ijyb

Illustrated notes

Levels and vault maps discovered:
D:1:      giann_wishing_wells, layout_basic, hex_large
D:2:      layout_rooms, basic_altar, chequers_serial_rivers_micro_d,
          wander_ebering_terrifying_dragon_lair
D:3:      layout_basic, overflow_temple_1_default, serial_corexii_hall,
          corexii_hall_statues_x, chequers_hall_statues_y,
          dreamdust_mushroom_princess, minmay_quadrilaterals, uniq_robin,
          uniq_grinder, uniq_ijyb

Skill      XL: |  1  2  3 |
---------------+----------+-----
Fighting       | 4 |  4.0
Axes           | 3 4 |  4.5
Armour         | 4 |  4.0
Shields        | 4 |  4.0

Action                     |  1- 3 |  4- 6 || total
---------------------------+-------+-------++-------
  Melee: War axe           |    56 |     8 ||    64
         Headbutt          |    10 |     2 ||    12
 Armour: Scale mail        |    32 |     2 ||    34
  Dodge: Dodged            |    29 |     2 ||    31
  Block: Buckler           |    19 |     1 ||    20
